 Adventure DCSS version bcrawl-1.21.2-20-g6d45ba5942 (webtiles) character file.

Game seed: 17141357237540164557

89 galech the Skirmisher (level 4, 12/35 HPs)
             Began as a Demonspawn Fighter on Feb 25, 2020.
             Quit the game on level 2 of the Dungeon.
             The game lasted 00:02:19 (1292 turns).

galech the Skirmisher (Demonspawn Fighter)          Turns: 1292, Time: 00:02:20

Health: 12/35      AC:  6    Str: 17    XL:     4   Next: 31%
Magic:  4/4        EV:  9    Int:  9    God:
Gold:   164        SH:  9    Dex: 13    Spells: 3/3 levels left
                                        Lives:  2   Deaths: 0

rFire    . . .     SeeInvis .   p - +2 hand axe (freeze)
rCold    + . .     Gourm    .   c - +0 medium shield
rNeg     . . .     Faith    .   b - +0 scale mail
rPois    .         Spirit   .   (no helmet)
rElec    +         Reflect  .   (no cloak)
rCorr    .         Harm     .   (no gloves)
MR       .....                  (no boots)
Stlth    ..........             (no amulet)
HPRegen  0.11/turn              m - ring of insulation
MPRegen  0.09/turn              (no ring)

@: mildly poisoned (12 -> 8)
A: repulsion field 1, cold resistance 1, demonic guardian 1
a: no special abilities


You were on level 2 of the Dungeon.
You were hungry.

You visited 1 branch of the dungeon, and saw 2 of its levels.

You collected 164 gold pieces.

Inventory:

Hand Weapons
 a - a +0 war axe
 p - a +2 hand axe of freezing (weapon)
Armour
 b - a +0 scale mail (worn)
 c - a +0 medium shield (worn)
Jewellery
 m - a ring of insulation (left hand)
Wands
 f - a wand of polymorph (9)
Scrolls
 h - a scroll of identify
 i - 2 scrolls of teleportation {unknown}
 n - 2 scrolls of enchant armour
 o - a scroll of blinking
Potions
 d - a potion of might
 g - a potion of degeneration {unknown}
 j - a potion of mutation {unknown}
 k - 2 potions of curing {unknown}
 l - a potion of brilliance {unknown}
 q - 2 potions of agility {unknown}
Comestibles
 e - 4 rations {!d}
 r - 4 chunks of flesh


   Skills:
 + Level 3.4 Fighting
 + Level 2.9 Axes
 + Level 3.0 Armour
 + Level 0.2 Dodging
 + Level 3.4 Shields


You had 3 spell levels left.
You didn't know any spells.
Your spell library was empty.

Dungeon Overview and Level Annotations

Branches:
Dungeon (2/12)

Altars:


Innate Abilities, Weirdness & Mutations

You are surrounded by a mild repulsion field. (EV +2)
Your flesh is cold resistant. (rC+)
A weak demonic guardian rushes to your aid.


Message History

You feel sick.
You feel sick.
You feel sick.
q - 2 white potions You now have 164 gold pieces (gained 25).
You feel sick.
You feel sick.
You feel sick.
You feel sick.
You feel sick.
You feel sick.
You feel sick.
Items here: ( )))) [ †† Butcher the goblin corpse of Ijyb? [(y)es/(n)o/(a)ll/(q)uit/?]
You butcher the goblin corpse of Ijyb.
You butcher the goblin corpse.
You feel sick.
r - a chunk of flesh;
r - 4 chunks of flesh (gained 3)
Items here: ( )))) [ ÷÷
Okay, then.
Are you sure you want to abandon this character and quit the game? (Confirm with "yes".)

.......##......###
.......##.#.....>#
.##.##.##.#.#..#.#
....##.##.#....#.#
.......##.#..#.#.#
.......##.#..#.#.#
....#..##........#
#......#########)#
.......#.8.8.8.8@## #
.......#..........#.#
.......#............##..
###.####................
#...# #)...(........###
#>..# #.............#
#...# #.8.8.8.8.....#
#..÷# #########.......
#...# .....####


There were no monsters in sight!

Vanquished Creatures
  Ijyb (D:2)
  A gnoll (D:2)
  2 worms
  A dart slug (D:1)
  4 leopard geckos
  3 ball pythons (D:1)
  2 giant cockroaches (D:1)
  9 goblins
  3 hobgoblins (D:1)
  3 kobolds (D:2)
  A quokka (D:2)
  A bat (D:2)
  2 frilled lizards (D:1)
  A quokka skeleton (D:2)
  7 rats
41 creatures vanquished.

Notes
Turn   | Place    | Note
-------+----------+-------------------------------------------
     0 | D:1      | galech the Demonspawn Fighter began the quest for the Orb.
     0 | D:1      | Reached XP level 1. HP: 18/18 MP: 1/1
   122 | D:1      | Gained mutation: You are surrounded by a mild repulsion
                  | field. (EV +2) [demonic ancestry]
   122 | D:1      | Reached XP level 2. HP: 23/24 MP: 2/2
   441 | D:1      | Gained mutation: A weak demonic guardian rushes to your
                  | aid. [demonic ancestry]
   441 | D:1      | Reached XP level 3. HP: 22/29 MP: 3/3
  1232 | D:2      | Noticed Ijyb
  1258 | D:2      | Killed Ijyb
  1258 | D:2      | Gained mutation: Your flesh is cold resistant. (rC+)
                  | [demonic ancestry]
  1258 | D:2      | Reached XP level 4. HP: 19/35 MP: 4/4
  1292 | D:2      | Quit the game

Skill      XL: |  1  2  3 |
---------------+----------+-----
Axes           | 2 |  2.9
Shields        | 3 |  3.4
Armour         | 3 |  3.0
Fighting       | |  3.4
Dodging        | |  0.2

Action                   |  1- 3 |  4- 6 || total
-------------------------+-------+-------++-------
Melee: War axe           |    84 |       ||    84
       Hand axe          |    52 |       ||    52
       Unarmed           |     5 |     4 ||     9
  Use: Scroll            |     5 |       ||     5
  Eat: Chunk             |     1 |       ||     1
Armor: Scale mail        |    61 |       ||    61
       Skin              |       |     1 ||     1
Dodge: Dodged            |    46 |     1 ||    47
Block: Medium shield     |    57 |       ||    57
